 Seeded DCSS version 0.29-a0-82-g837932c90e (webtiles) character file.

Game seed: 10000000000011 (custom seed)

39412 knot the Severer (level 13, -7/136 HPs)
             Began as a Demonspawn Berserker on Feb 5, 2022.
             Was an Elder of Trog.
             Mangled by a two-headed ogre (12 damage)
             ... on level 2 of the Orcish Mines.
             The game lasted 00:42:37 (25540 turns).

knot the Severer (Demonspawn Berserker)            Turns: 25540, Time: 00:42:40

Health: -7/136     AC: 15    Str: 16 (17) XL:     13   Next: 69%
Magic:  0/23       EV:  8    Int: 19      God:    Trog [****..]
Gold:   1263       SH:  5    Dex: 13      Spells: 12/12 levels left

rFire   . . .      SeeInvis .   F - +8 executioner's axe "Bitsaon" {freeze, rN+}
rCold   . . .      Faith    .   (shield currently unavailable)
rNeg    + . .      Spirit   +   N - +2 chain mail {Will+}
rPois   .          Reflect  +   B - +3 hat of Pondering {ponderous, Will+ MP+10 Int+5}
rElec   .          Harm     .   I - +1 cloak {Stlth+}
rCorr   +          Rampage  .   (gloves unavailable)
Will    +++..                   (no boots)
Stlth   ..........              d - amulet of reflection
HPRegen 0.32/turn               C - ring of willpower
MPRegen 0.36/turn               h - ring of resist corrosion

@: berserking, very quick
A: powered by death 1, magic shield, magic regeneration, magic link, sturdy
frame 1, demonic touch 3
a: Renounce Religion, Berserk, Trog's Hand, Brothers in Arms


You were on level 2 of the Orcish Mines.
You worshipped Trog.
Trog was greatly pleased with you.
You visited 3 branches of the dungeon, and saw 18 of its levels.

You collected 1603 gold pieces.
You spent 340 gold pieces at shops.

Inventory:

Hand Weapons
 x - a +3 scimitar of flaming
 D - a +0 battleaxe of freezing
 F - the +8 executioner's axe "Bitsaon" (weapon) {freeze, rN+}
   (You acquired it on level 3 of the Lair of Beasts)

   It freezes those it strikes, dealing additional cold damage.
   It can also slow down cold-blooded creatures.
   rN:        It protects you from negative energy.
Missiles
 l - 4 poisoned darts
 t - a boomerang (quivered)
 A - a throwing net
 H - a curare-tipped dart
Armour
 v - a +2 robe of fire resistance
 B - the +3 hat of Pondering (worn) {ponderous, Will+ MP+10 Int+5}
   (You found it on level 8 of the Dungeon)

   Int:       It affects your intelligence (+5).
   MP:        It affects your magic capacity (+10).
   Will:      It increases your willpower.
 G - a +2 robe of cold resistance
 I - a +1 cloak of stealth (worn)
 J - the +1 chain mail of Urghimes {Fly rPois rC+ Slay-2 Stlth+}
   (You bought it in a shop on level 3 of the Dungeon)

   Slay:      It affects your accuracy & damage with ranged weapons and melee
   (-2).
   rC:        It protects you from cold.
   rPois:     It protects you from poison.
   Fly:       It grants you flight.
   Stlth:     It makes you more stealthy.
 N - a +2 chain mail of willpower (worn)
 P - the +0 leather armour of Lodamu {rC+ SInv}
   (You found it on level 4 of the Lair of Beasts)

   rC:        It protects you from cold.
   SInv:      It lets you see invisible.
Jewellery
 d - an amulet of reflection (around neck)
 h - a ring of resist corrosion (right hand)
 C - a ring of willpower (left hand)
 Q - the amulet of Risuwni {Acrobat Contam Str+7}
   (You found it on level 4 of the Lair of Beasts)

   [amulet of the acrobat]

   It increases your evasion while moving and waiting.
   Str:       It affects your strength (+7).
   Contam:    It causes magical contamination when unequipped.
 Z - a ring of magical power
Wands
 o - a wand of polymorph (15)
 s - a wand of flame (56)
 u - a wand of charming (1)
 w - a wand of iceblast (10)
 K - a wand of paralysis (1)
 U - a wand of mindburst (6)
 W - a wand of digging (4)
Scrolls
 a - a scroll of magic mapping
 c - 2 scrolls of amnesia
 f - 2 scrolls of identify
 k - a scroll of immolation
 m - 6 scrolls of blinking
 n - 2 scrolls of fog
 p - 3 scrolls of teleportation
 r - 2 scrolls of holy word
 E - a scroll of summoning
 R - a scroll of brand weapon
 T - 2 scrolls of enchant weapon
 X - 3 scrolls of vulnerability
 Y - 3 scrolls of silence
Potions
 b - 4 potions of attraction
 e - 8 potions of curing
 g - a potion of invisibility
 i - a potion of magic
 q - 3 potions of brilliance {unknown}
 z - 2 potions of resistance {unknown}
 L - 2 potions of flight {unknown}
 M - a potion of cancellation {unknown}
 S - 3 potions of might
 V - a potion of ambrosia {unknown}


   Skills:
 * Level 5.3 Fighting
 * Level 18.3 Axes
 - Level 11.3 Throwing
 - Level 1.7 Armour
 - Level 1.7 Dodging


You had 12 spell levels left.
You didn't know any spells.
Your spell library contained the following spells:

 Spells                   Type           Power      Damage    Failure   Level
 Pain                     Necr           0%         1d4       88%         1
 Sandblast                Erth           0%         2d4       88%         1
 Slow                     Hex            0%         N/A       88%         1
 Corpse Rot               Necr/Air       0%         N/A       95%         2
 Ensorcelled Hibernation  Hex/Ice        0%         N/A       95%         2
 Passwall                 Tmut/Erth      0%         N/A       95%         2
 Poisonous Vapours        Pois/Air       0%         N/A       95%         2
 Confusing Touch          Hex            0%         N/A       99%         3
 Ozocubu's Armour         Ice            0%         N/A       99%         3
 Stone Arrow              Conj/Erth      0%         3d7       99%         3
 Summon Guardian Golem    Hex/Summ       0%         N/A       99%         3
 Swiftness                Air            0%         N/A       99%         3
 Tukima's Dance           Hex            0%         N/A       99%         3
 Vampiric Draining        Necr           0%         2d6       99%         3
 Anguish                  Hex/Necr       0%         N/A       100%        4
 Animate Armour           Summ/Erth      0%         N/A       100%        4
 Agony                    Necr           0%         N/A       100%        5
 Excruciating Wounds      Necr           0%         N/A       100%        5
 Metabolic Englaciation   Hex/Ice        0%         N/A       100%        5
 Simulacrum               Ice/Necr       0%         N/A       100%        6
 Enfeeble                 Hex            0%         N/A       100%        7
 Orb of Destruction       Conj           0%         9d5       100%        7
 Spellforged Servitor     Conj/Summ      0%         N/A       100%        7
 Lehudib's Crystal Spear  Conj/Erth      0%         10d2      100%        8


Dungeon Overview and Level Annotations

Branches:
Dungeon (12/15)            Temple (0/1) D:4            Lair (4/6) D:9
  Swamp (0/4) Lair:2       Spider (0/4) Lair:3          Orc (2/2) D:12
    Elf: Orc:2

Altars:
Hepliaklqana
Kikubaaqudgha
Okawaru
Ru
Uskayaw

Shops:
D:3 [   D:8 :

Annotations:
Lair:3 3 runed translucent doors, Caeppaus's ghost, journeyman GrFi; Ruicvywi's ghost, journeyman OgTm


Innate Abilities, Weirdness & Mutations

You regenerate a little health from kills.
When hurt, damage is shared between your health and your magic reserves.
You regenerate magic rapidly.
When low on magic, you restore magic in place of health.
Your movements are slightly less encumbered by armour. (ER -2)
Your touch may irresistibly damage your foes and sap their willpower.


Message History

Press: ? - help, Dir - move target
As you read the scroll of blinking, it crumbles to dust.
Okay, then.
You feel much better. What are your orders? t - Shout!
Orders for allies: a - Attack new target. r - Retreat! s - Stop attacking. g - Guard the area. f - Follow me.
Anything else - Cancel.
Okay, then.
As you read the scroll of fear, it crumbles to dust.
You assume a fearsome visage.
The ogre looks frightened!
The deep troll looks frightened!
The ogre looks frightened! x2
The two-headed ogre looks frightened!
The two-headed ogre resists with almost no effort.
The two-headed ogre looks frightened! x2; The deep troll looks frightened!
The two-headed ogre resists with some effort.
The cyclops looks frightened!
You are too injured to fight recklessly!
You are too injured to fight recklessly!
You barely miss the two-headed ogre.
The two-headed ogre hits you with a +0 giant club.
The two-headed ogre hits you with a +0 giant club!!
* * * LOW HITPOINT WARNING * * *
Unknown command.
A red film seems to cover your vision as you go berserk!
You feel yourself moving faster!
You feel mighty! The two-headed ogre barely misses you.
The two-headed ogre hits you but does no damage.
You slice the two-headed ogre!! You freeze the two-headed ogre.
The two-headed ogre is heavily wounded.
You hit the two-headed ogre. You freeze the two-headed ogre.
You barely miss the two-headed ogre.
The two-headed ogre is heavily wounded.
You hit the two-headed ogre. You freeze the two-headed ogre.
The two-headed ogre hits you with a +0 giant club!
* * * LOW HITPOINT WARNING * * *
The two-headed ogre hits you with a +0 giant club!
You die...

.......###.### .
.......#....##..
..#......#....O..
..#.......#......
.......).)OOO....
#.#.###O).O.O....
###....#<#).O......
##.OO........#......
##..@O...#..O.#......
#...........$........
##.#.................
##......###......$..
##.#.$.............
##...............
#...............
........ ........


You could see 2 two-headed ogres and an ogre.

Vanquished Creatures
  Kirke (D:12)
  A boulder beetle (D:12)
  5 hydras
  Harold (D:8)
  Erica (D:8)
  3 two-headed ogres
  The ghost of lordive the Covert, a novice SpEn of Gozag (D:8)
  An orc sorcerer (Orc:1)
  2 manticores (D:12)
  2 ugly things (D:12)
  A cyclops (D:11)
  8 elephants (Lair:3)
  3 black mambas
  12 cane toads
  Joseph (D:7)
  3 unseen horrors
  Maggie (Lair:1)
  7 komodo dragons
  A kobold demonologist (D:5)
  3 trolls
  A polar bear (Lair:4)
  Prince Ribbit (D:8)
  9 blink frogs
  4 dream sheep (Lair:1)
  4 slime creatures (D:12)
  20 yaks
  3 wraiths
  4 hogs (D:12)
  2 basilisks
  7 vampire mosquitoes (D:12)
  An acid dragon (D:9)
  9 water moccasins
  9 orc warriors
  2 black bears
  A necrophage (D:6)
  An ice beast (D:7)
  27 wolves
  7 ogres
  4 centaurs
  A phantom (D:6)
  A kobold brigand (D:7)
  6 scorpions
  2 wyvern zombies (D:7)
  8 bullfrogs
  A wyvern skeleton (D:7)
  8 killer bees (D:9)
  7 wights
  4 howler monkeys
  4 centaur zombies
  7 orc priests
  3 hounds
  2 jellies
  2 bullfrog skeletons
  A gnoll shaman (Orc:1)
  3 centaur skeletons
  Ijyb (D:4)
  8 orc wizards
  A scorpion zombie (D:5)
  7 adders
  4 gnolls (Orc:1)
  A river rat (D:4)
  A shadow imp (D:7)
  A white imp (D:5)
  34 orcs
  6 endoplasms
  2 giant cockroaches
  5 goblins
  5 hobgoblins
  14 jackals
  2 quokkas (D:4)
  4 ball pythons
  7 bats
  5 frilled lizards
  7 kobolds
  5 rats
354 creatures vanquished.

Vanquished Creatures (collateral kills)
  Snorg (Lair:3)
  A bullfrog (Lair:3)
  A wight (D:8)
3 creatures vanquished.

Vanquished Creatures (others)
  A two-headed ogre (D:11)
  A wight (D:8)
  14 fungi
  48 plants
  6 withered plants (Lair:3)
70 creatures vanquished.

Grand Total: 427 creatures vanquished

Notes
Turn   | Place    | Note
-------+----------+-------------------------------------------
     0 | D:1      | knot the Demonspawn Berserker began the quest for the Orb.
     0 | D:1      | Reached XP level 1. HP: 18/18 MP: 1/1
   152 | D:1      | Reached skill level 3 in Axes
   274 | D:1      | Gained mutation: You regenerate magic rapidly. [demonic
                  | ancestry]
   274 | D:1      | Reached XP level 2. HP: 17/24 MP: 2/2
   871 | D:1      | Reached ** piety under Trog
  1408 | D:2      | Gained mutation: Your touch may inflict minor irresistible
                  | damage on your foes. [demonic ancestry]
  1408 | D:2      | Reached XP level 3. HP: 29/29 MP: 3/3
  1523 | D:2      | Reached skill level 4 in Axes
  1869 | D:2      | Reached XP level 4. HP: 35/35 MP: 4/4
  2285 | D:3      | Noticed an ogre
  2303 | D:3      | Killed an ogre
  2304 | D:3      | Reached skill level 5 in Axes
  2304 | D:3      | Reached XP level 5. HP: 41/41 MP: 5/5
  2397 | D:3      | Found Daocsar's Antique Armour Emporium.
  2926 | D:4      | Found a staircase to the Ecumenical Temple.
  2943 | D:5      | Entered Level 5 of the Dungeon
  2995 | D:5      | Reached skill level 6 in Axes
  3025 | D:5      | Gained mutation: Your touch may inflict irresistible damage
                  | on your foes. [demonic ancestry]
  3025 | D:5      | Reached XP level 6. HP: 43/47 MP: 6/6
  3362 | D:5      | Noticed a kobold demonologist
  3373 | D:5      | Killed a kobold demonologist
  3374 | D:5      | Reached skill level 7 in Axes
  3374 | D:5      | Gained mutation: When hurt, damage is shared between your
                  | health and your magic reserves. [demonic ancestry]
  3374 | D:5      | Reached XP level 7. HP: 52/52 MP: 7/7
  3654 | D:6      | Reached skill level 8 in Axes
  4017 | D:5      | Found a hide-covered altar of Uskayaw.
  4315 | D:5      | Reached skill level 9 in Axes
  4315 | D:5      | Gained mutation: You regenerate a little health from kills.
                  | [demonic ancestry]
  4315 | D:5      | Reached XP level 8. HP: 57/58 MP: 4/8
  4841 | D:4      | Noticed Duvessa
  4841 | D:4      | Noticed Dowan
  4865 | D:4      | Noticed Duvessa
  4865 | D:4      | Duvessa changed into Duvessa the river rat
  5129 | D:4      | Noticed Dowan
  5129 | D:4      | Dowan changed into Dowan the quokka
  5130 | D:4      | Killed Duvessa the river rat
  5132 | D:4      | Killed Dowan the quokka
  5471 | D:4      | Noticed Ijyb
  5476 | D:4      | Reached skill level 1 in Throwing
  5492 | D:4      | Killed Ijyb
  6561 | D:6      | Found an iron altar of Okawaru.
  7044 | D:7      | Reached skill level 10 in Axes
  7185 | D:7      | Found a sacrificial altar of Ru.
  7654 | D:7      | Gained mutation: Your touch may irresistibly damage your
                  | foes and sap their willpower. [demonic ancestry]
  7654 | D:7      | Reached XP level 9. HP: 63/63 MP: 9/9
  8244 | D:7      | Noticed Joseph
  8260 | D:7      | Killed Joseph
  8261 | D:7      | Reached skill level 5 in Throwing
  8418 | D:8      | Noticed Harold
  8433 | D:8      | Killed Harold
  8434 | D:8      | Reached skill level 11 in Axes
  8532 | D:8      | Found the +3 hat of Pondering {ponderous, Will+ MP+10
                  | Int+5}
  8717 | D:8      | Found Yhyquem's Self-Improvement Boutique.
  9014 | D:8      | Found a large runed translucent door.
  9014 | D:8      | Found a large runed translucent door.
  9015 | D:8      | Noticed lordive's ghost (novice SpEn)
  9042 | D:8      | Noticed Prince Ribbit
  9050 | D:8      | Killed Prince Ribbit
  9051 | D:8      | Reached XP level 10. HP: 68/70 MP: 10/10
  9080 | D:8      | Killed lordive's ghost
  9412 | D:8      | Noticed a two-headed ogre
  9424 | D:8      | Killed a two-headed ogre
  9425 | D:8      | Reached skill level 12 in Axes
  9810 | D:8      | Noticed Erica
  9855 | D:8      | Killed Erica
 10713 | D:3      | Bought a runed cloak for 150 gold pieces
 10713 | D:3      | Bought an ichor-stained chain mail for 190 gold pieces
 10713 | D:3      | Identified the +1 chain mail of Urghimes {Fly rPois rC+
                  | Slay-2 Stlth+} (You bought it in a shop on level 3 of the
                  | Dungeon)
 11577 | D:9      | Found a staircase to the Lair.
 12302 | Lair:1   | Entered Level 1 of the Lair of Beasts
 12312 | Lair:1   | Noticed a black mamba
 12330 | Lair:1   | Killed a black mamba
 12707 | Lair:1   | Noticed a cane toad
 12740 | D:9      | Killed a cane toad
 12741 | D:9      | Gained mutation: Your movements are slightly less
                  | encumbered by armour. (ER -2) [demonic ancestry]
 12741 | D:9      | Reached XP level 11. HP: 51/75 MP: 11/11
 12930 | Lair:1   | Reached skill level 13 in Axes
 13699 | Lair:1   | Noticed a five-headed hydra
 13734 | D:9      | Killed a one-headed hydra
 14200 | Lair:1   | Reached skill level 10 in Throwing
 14322 | Lair:1   | Reached *** piety under Trog
 14808 | Lair:1   | Noticed Maggie
 14823 | Lair:1   | Killed Maggie
 16233 | Lair:2   | Reached skill level 14 in Axes
 16671 | Lair:2   | Found a staircase to the Swamp.
 16779 | Lair:2   | Gained mutation: When low on magic, you restore magic in
                  | place of health. [demonic ancestry]
 16779 | Lair:2   | Reached XP level 12. HP: 81/81 MP: 12/12
 17516 | Lair:2   | Noticed a six-headed hydra
 17532 | Lair:2   | Killed a two-headed hydra
 17935 | Lair:3   | Identified a scroll of acquirement
 17935 | Lair:3   | Acquired the +8 executioner's axe "Bitsaon" {freeze, rN+}
 18072 | Lair:3   | Reached skill level 15 in Axes
 18271 | Lair:3   | Reached **** piety under Trog
 18433 | Lair:3   | Noticed Snorg
 18440 | Lair:3   | Killed Snorg
 18443 | Lair:3   | Found a hole to the Spider Nest.
 18450 | Lair:3   | Noticed a seven-headed hydra
 18472 | Lair:3   | Killed a three-headed hydra
 18677 | Lair:3   | Reached skill level 16 in Axes
 18906 | Lair:3   | Found a runed translucent gate.
 18906 | Lair:3   | Found a runed translucent gate.
 18907 | Lair:3   | Found a runed translucent gate.
 18953 | Lair:3   | Noticed Caeppaus's ghost (journeyman GrFi)
 18953 | Lair:3   | Noticed Ruicvywi's ghost (journeyman OgTm)
 19918 | Lair:4   | Identified the +0 leather armour of Lodamu {rC+ SInv}
 20059 | Lair:4   | Noticed a four-headed hydra
 20068 | Lair:4   | Killed a four-headed hydra
 20069 | Lair:4   | Reached XP level 13. HP: 86/86 MP: 13/13
 20090 | Lair:4   | Reached skill level 17 in Axes
 20189 | Lair:4   | Identified the amulet of Risuwni {Acrobat Contam Str+7}
 20811 | D:10     | Entered Level 10 of the Dungeon
 21291 | D:10     | Found an ancient bone altar of Kikubaaqudgha.
 21473 | D:10     | Found a hazy altar of Hepliaklqana.
 23238 | D:12     | Noticed Kirke
 23251 | D:12     | Killed Kirke
 24046 | D:12     | Reached skill level 18 in Axes
 25036 | D:12     | Found a staircase to the Orcish Mines.
 25085 | Orc:1    | Entered Level 1 of the Orcish Mines
 25120 | Orc:1    | Reached skill level 5 in Fighting
 25499 | Orc:2    | Entered Level 2 of the Orcish Mines
 25529 | Orc:2    | HP: 4/91 [cyclops/large rock (9)]
 25540 | Orc:2    | HP: 5/136 [two-headed ogre (8)]
 25540 | Orc:2    | Mangled by a two-headed ogre

Illustrated notes

Levels and vault maps discovered:
D:1:      lordsloth_arrival_two_stooges, layout_basic, grunt_decor_fettered,
          minmay_misc_feat_diagonals, nicolae_concentric_dashed_squares_wild
D:2:      layout_rooms, hangedman_decor_clover_reticule
D:3:      layout_basic, serial_shops, shop, kennysheep_path_1
D:4:      layout_rooms, temple_doors_e, uniq_duvessa, uniq_ijyb
D:5:      layout_loops_cross, nicolae_uskayaw_suspiria, item_on_display_a
D:6:      layout_rooms, nicolae_overflow_hidden_temple, grunt_ministairs_6
D:7:      layout_loops_ring, nicolae_ru_awakened_eye, palyth_stone_intersect,
          minmay_misc_feat_alley, minivault_27, uniq_joseph
D:8:      layout_loops_ring, ebering_ghost_disaster_area,
          nicolae_shop_self_help, uniq_harold, uniq_erica, uniq_prince_ribbit1
D:9:      layout_grid_maze, grunt_lair_entry_orc_guard_hut
D:10:     layout_loops_cross, mainiacjoe_overflow_alcove_2,
          kennysheep_little_box
D:11:     layout_rooms, lemuel_flamethrower_hall
D:12:     layout_grid_maze, orc_0_dummy, dreamdust_deal_with_the_devil,
          kennysheep_generic_room_15, uniq_kirke
Lair:1:   layout_small_grid, minivault_27, grunt_forest_small_clearing_treed,
          uniq_maggie
Lair:2:   layout_cave_pods, swamp_mist_pool
Lair:3:   layout_cave_pods, dummy_spider_entry, gammafunk_ghost_cemetery,
          beast_lair_carwin_4, uniq_snorg
Lair:4:   layout_loops_ring, serial_forest, infiniplex_forest_clump_long,
          infiniplex_forest_clump_small, infiniplex_forest_3_way,
          infiniplex_forest_lined_1
Orc:1:    layout_diamond_mine
Orc:2:    st_orc_open, layout_caves

Skill      XL: |  1  2  3  4  5  6  7  8  9 10 11 12 13 |
---------------+----------------------------------------+-----
Axes           | 3 4 5 6 7 9 10 11 12 14 16 18 | 18.3
Throwing       | 4 6 9 11 | 11.3
Fighting       | 5 |  5.3
Armour         | |  1.7
Dodging        | |  1.7

Action                   |  1- 3 |  4- 6 |  7- 9 | 10-12 | 13-15 || total
-------------------------+-------+-------+-------+-------+-------++-------
Melee: Hand axe          |   110 |    60 |   272 |   579 |       ||  1021
       Punch             |     1 |     1 |     3 |     8 |       ||    13
       Touch             |     6 |    12 |    49 |   105 |       ||   172
       Scimitar          |       |       |       |    16 |       ||    16
       Executioner's axe |       |       |       |   108 |   184 ||   292
       Battleaxe         |       |       |       |     2 |       ||     2
Throw: Stone             |       |     4 |    39 |    49 |       ||    92
       Dart              |       |       |       |    32 |     5 ||    37
       Boomerang         |       |       |       |    63 |    79 ||   142
Invok: Berserk           |     3 |     3 |    19 |    23 |     7 ||    55
       Brothers in Arms  |       |       |       |       |     1 ||     1
Evoke: Wand              |       |       |    17 |     7 |     3 ||    27
  Use: Scroll            |       |       |       |    13 |     8 ||    21
       Potion            |       |       |       |     4 |     2 ||     6
 Stab: Sleeping          |       |       |     2 |       |     2 ||     4
       Paralysed         |       |       |       |     3 |       ||     3
Armor: Animal skin       |    18 |     9 |     9 |       |       ||    36
       Robe              |       |       |    18 |    22 |       ||    40
       Chain mail        |       |       |       |   250 |    41 ||   291
       Skin              |       |       |       |    15 |       ||    15
       Leather armour    |       |       |       |       |    43 ||    43
Dodge: Dodged            |    66 |    33 |   102 |   209 |    83 ||   493
Block: Other             |    26 |    14 |    36 |   121 |    49 ||   246
       Reflection        |       |       |       |     1 |     1 ||     2

Table legend: (Time is in decaauts)
 A = Elapsed time spent in this place.
 B = Non-inter-level travel time spent in this place.
 C = Inter-level travel time spent in this place.
 D = Time resting spent in this place.
 E = Time spent auto-exploring this place.
 F = Levels seen in this place.
 G = Mean time per level.
                   A        B        C        D        E       F      G
               +--------+--------+--------+--------+--------+-----+--------+
         Total |  26643 |  25360 |   1283 |   9650 |  12594 |  18 | 1480.2 |
       Dungeon |  17646 |  16642 |   1004 |   6674 |   7972 |  12 | 1470.5 |
          Lair |   8514 |   8284 |    230 |   2975 |   4325 |   4 | 2128.5 |
  Orcish Mines |    482 |    434 |     48 |      0 |    296 |   2 |  241.0 |
               +--------+--------+--------+--------+--------+-----+--------+

Top non-repeatable levels by time:
  Lair:1: 3327 daAuts
    D:12: 2340 daAuts
     D:9: 2235 daAuts
  Lair:2: 2183 daAuts
     D:8: 2088 daAuts
     D:5: 2030 daAuts
  Lair:3: 1993 daAuts
     D:7: 1577 daAuts
     D:1: 1428 daAuts
    D:10: 1267 daAuts
     D:4: 1100 daAuts
     D:6: 1096 daAuts
  Lair:4: 1009 daAuts
     D:3: 839 daAuts
    D:11: 839 daAuts
